 Dungeon Crawl Stone Soup version 0.29-a0-1033-gb6c65ffae6 (webtiles) character file.

Game seed: 3704260032038548696

1439 drpainis the Covert (level 8, -6/38 HPs)
             Began as a Spriggan Enchanter on Aug 15, 2022.
             Was an Initiate of Dithmenos.
             Mangled by a hellwing (8 damage)
             ... created by the fury of Makhleb
             ... on level 6 of the Dungeon.
             The game lasted 00:10:19 (10295 turns).

drpainis the Covert (Spriggan Enchanter)           Turns: 10295, Time: 00:10:20

Health: -6/38      AC:  2    Str:  4    XL:     8   Next: 45%
Magic:  12/17      EV: 19    Int: 22    God:    Dithmenos [......]
Gold:   219        SH:  0    Dex: 17    Spells: 7/18 levels left

rFire   . . .      SeeInvis +   k - +4 dagger "Morg" {pain, Will+ Int+5}
rCold   . . .      Faith    .   (no shield)
rNeg    . . .      Spirit   .   b - +0 robe
rPois   .          Reflect  .   (helmet restricted)
rElec   .          Harm     .   (no cloak)
rCorr   .          Rampage  .   (gloves unavailable)
Will    ++...                   (boots unavailable)
Stlth   ++++......              (no amulet)
HPRegen 0.12/turn               n - +4 ring of slaying
MPRegen 0.15/turn               (no ring)

@: very quick
A: very small, no large weapons, unfitting armour, see invisible, speed 3
a: Renounce Religion


You were on level 6 of the Dungeon.
You worshipped Dithmenos.
Dithmenos was noncommittal.
You visited 2 branches of the dungeon, and saw 7 of its levels.

You collected 219 gold pieces.

Inventory:

Hand Weapons
 a - a +1 dagger
 k - the +4 dagger "Morg" (weapon) {pain, Will+ Int+5}
   (You found it on level 2 of the Dungeon)

   In the hands of one skilled in necromantic magic, it inflicts extra damage on
   living creatures.
   Int:       It affects your intelligence (+5).
   Will:      It increases your willpower.
Armour
 b - a +0 robe (worn)
Jewellery
 n - a +4 ring of slaying (left hand)
Wands
 v - a wand of polymorph (6)
Scrolls
 e - 3 scrolls of noise {unknown}
 f - 2 scrolls of fear {unknown}
 g - a scroll of acquirement {unknown}
 l - 2 scrolls of immolation {unknown}
 r - a scroll of butterflies {unknown}
 s - a scroll of enchant armour {unknown}
 t - 3 scrolls of identify {unknown}
Potions
 c - 2 potions of invisibility
 d - a potion of flight {unknown}
 h - 2 potions of heal wounds {unknown}
 i - a potion of curing {unknown}
 j - a potion of degeneration {unknown}
 m - 2 potions of brilliance {unknown}
 o - 2 potions of mutation {unknown}
 p - a potion of haste {unknown}
 q - a potion of lignification {unknown}
 u - a potion of resistance {unknown}


   Skills:
 + Level 1.7 Fighting
 + Level 4.6 Short Blades
 + Level 4.7 Dodging
 + Level 9.7 Stealth
 + Level 5.7 Spellcasting
 + Level 5.9 Hexes
 + Level 2.5 Ice Magic


You had 7 spell levels left.
You knew the following spells:

 Your Spells              Type           Power      Damage    Failure   Level
a - Ensorcelled Hibernat  Hex/Ice        50%        N/A       2%          2
b - Confusing Touch       Hex            32%        N/A       2%          3
c - Tukima's Dance        Hex            32%        N/A       2%          3
d - Dazzling Flash        Conj/Hex       38%        N/A       9%          3

Your spell library contained the following spells:

 Spells                   Type           Power      Damage    Failure   Level
 Portal Projectile        Hex/Tloc       38%        N/A       9%          3
 Necrotise                Necr           24%        1d5       10%         1
 Sandblast                Erth           12%        2d6       10%         1
 Passwall                 Tmut/Erth      5%         N/A       14%         2
 Stone Arrow              Conj/Erth      12%        3d7       28%         3
 Vampiric Draining        Necr           6%         2d6       28%         3
 Agony                    Necr           6%         N/A       95%         5
 Blade Hands              Tmut           3%         N/A       95%         5


Dungeon Overview and Level Annotations

Branches:
Dungeon (6/15)             Temple (1/1) D:4

Altars:
Cheibriados
Dithmenos
Elyvilon
Fedhas
Hepliaklqana
Kikubaaqudgha
Makhleb
Okawaru
Qazlal
Ru
Uskayaw
Wu Jian
Xom
Zin
The Shining One

Shops:
D:4 (

Annotations:
D:3 2 transporters, tatocazan's ghost, amateur DsFi


Innate Abilities, Weirdness & Mutations

You are very small and have problems with some larger weapons.
You are too small for most types of armour.
You have supernaturally acute eyesight. (SInv)
You cover ground extremely quickly. (Speed+++)


Message History

You start resting.
Makhleb sends minions to punish you.
A ynoxinul and a hellwing come into view.
There are monsters nearby!
There are monsters nearby!
Casting: Confusing Touch (dangerous; 2% risk of failure)
Confirm with . or Enter, or press ? or * to list all spells.
Your hands begin to glow red.
The hellwing swoops through the air toward you!
The hellwing closely misses you. The hellwing barely misses you.
There are monsters nearby!
Unknown command.
You hit the hellwing but do no damage. You hit the hellwing but do no damage.
The ynoxinul gestures at you. The iron shot hits you! The hellwing hits you.
The hellwing misses you.
You hit the hellwing but do no damage. The hellwing closely misses you.
The hellwing barely misses you.
You hit the hellwing but do no damage. The hellwing closely misses you.
The hellwing barely misses you.
You hit the hellwing but do no damage.
The hellwing appears confused.
Casting: Confusing Touch (dangerous; 2% risk of failure)
Confirm with . or Enter, or press ? or * to list all spells.
Your hands begin to glow red.
The ynoxinul hits you. The hellwing completely misses you.
The hellwing hits you!
* * * LOW HITPOINT WARNING * * *
There are monsters nearby!
Unknown command.
You hit the ynoxinul but do no damage.
The ynoxinul hits you but does no damage.
You hit the ynoxinul but do no damage.
The ynoxinul appears confused.
The hellwing misses you. x2; The ynoxinul hits you.
* * * LOW HITPOINT WARNING * * *
You catch the helpless ynoxinul completely off-guard!
You impale the ynoxinul!!
The ynoxinul is severely wounded.
The hellwing hits you.
* * * LOW HITPOINT WARNING * * *
The hellwing hits you!
You die...

........+
.......##
.......#
......#
.....# ....#
# #...###
#.####...#<#
#.4@.3...#.#
#######.###.#
#...........#
#.#####.#####
#.# ..# ####


You could see a hellwing (confused) and a ynoxinul (confused).

Vanquished Creatures
  Pikel (D:4)
  A smoke demon (D:6)
  A wyvern (D:5)
  2 ice beasts (D:5)
  A lemure (D:4)
  A necrophage (D:5)
  A scorpion (D:5)
  2 howler monkeys (D:5)
  2 gnoll boudas
  An iguana (D:5)
  2 orc wizards
  Natasha (twice) (D:2)
  7 adders
  9 gnolls
  A hound simulacrum (D:2)
  An ufetubus (D:4)
  A spectral adder (D:2)
  An adder zombie (D:2)
  A worm (D:5)
  2 dart slugs
  15 orcs
  3 bats
  6 endoplasms
  3 giant cockroaches
  6 goblins
  5 hobgoblins
  4 jackals (D:4)
  A quokka (D:1)
  6 ball pythons
  2 ball python skeletons (D:2)
  3 frilled lizards
  A giant cockroach zombie (D:2)
  5 kobolds
  3 rats
  A spectral orc (D:5)
104 creatures vanquished.

Vanquished Creatures (others)
  A dancing weapon (D:3)
  20 withered plants (D:2)
21 creatures vanquished.

Grand Total: 125 creatures vanquished

Notes
Turn   | Place    | Note
-------+----------+-------------------------------------------
     0 | D:1      | drpainis the Spriggan Enchanter began the quest for the
                  | Orb.
     0 | D:1      | Reached XP level 1. HP: 9/9 MP: 5/5
   108 | D:1      | Reached XP level 2. HP: 13/13 MP: 6/6
   111 | D:1      | Learned a level 2 spell: Ensorcelled Hibernation
   571 | D:1      | Reached skill level 5 in Stealth
  1332 | D:2      | Found a faded altar of an unknown god.
  1405 | D:2      | Prayed at the altar of an unknown god.
  1405 | D:2      | Became a worshipper of Makhleb the Destroyer
  1405 | D:2      | Reached * piety under Makhleb
  1852 | D:2      | Reached XP level 3. HP: 11/16 MP: 8/8
  2226 | D:2      | Learned a level 3 spell: Confusing Touch
  2230 | D:2      | Learned a level 3 spell: Tukima's Dance
  2543 | D:2      | Noticed Natasha
  2551 | D:2      | Killed Natasha
  2552 | D:2      | Reached XP level 4. HP: 9/21 MP: 1/9
  3361 | D:2      | Noticed Natasha
  3380 | D:2      | Killed Natasha
  3863 | D:2      | Found the +4 dagger "Morg" {pain, Will+ Int+5}
  4172 | D:3      | Reached skill level 6 in Stealth
  4630 | D:3      | Reached XP level 5. HP: 20/25 MP: 11/11
  4936 | D:3      | Found a transporter.
  4966 | D:3      | Found a transporter.
  4969 | D:3      | Noticed tatocazan's ghost (amateur DsFi)
  5260 | D:3      | Found a white marble altar of Elyvilon.
  5316 | D:3      | Reached ** piety under Makhleb
  5855 | D:4      | You fall into a shaft and drop 1 floor!
  5855 | D:5      | Entered Level 5 of the Dungeon
  5883 | D:5      | Reached XP level 6. HP: 25/29 MP: 5/13
  6134 | D:5      | Reached skill level 7 in Stealth
  6295 | D:4      | Found Hoobb's Antique Weapon Boutique.
  6371 | D:4      | Found a glowing silver altar of Zin.
  6666 | D:4      | Reached skill level 5 in Hexes
  7439 | D:4      | Noticed Pikel
  7456 | D:4      | Killed Pikel
  7457 | D:4      | Reached skill level 1 in Fighting
  7457 | D:4      | Reached skill level 8 in Stealth
  7457 | D:4      | Reached skill level 1 in Ice Magic
  7457 | D:4      | Reached XP level 7. HP: 33/33 MP: 10/15
  7721 | D:4      | Found a staircase to the Ecumenical Temple.
  8214 | Temple   | Entered the Ecumenical Temple
  8229 | Temple   | Learned a level 3 spell: Dazzling Flash
  8342 | Temple   | Fell from the grace of Makhleb
  8342 | Temple   | Became a worshipper of Dithmenos the Shadowed
  8778 | D:5      | Reached skill level 5 in Spellcasting
  9175 | D:5      | Reached XP level 8. HP: 28/37 MP: 13/16
  9311 | D:5      | Reached skill level 9 in Stealth
 10132 | D:5      | Found a hazy altar of Hepliaklqana.
 10172 | D:6      | Noticed a smoke demon
 10183 | D:6      | Killed a smoke demon
 10285 | D:6      | Noticed a hellwing
 10295 | D:6      | Mangled by a hellwing

Illustrated notes

Levels and vault maps discovered:
D:1:      minmay_arrival_cross, layout_loops_ring, kennysheep_nondescript,
          minmay_misc_feat_ornament
D:2:      layout_basic, dreamdust_ecumenical_altar_statues,
          dilly_guarded_unrand_morg
D:3:      layout_loops_ring, elyvilon_altar_3, gammafunk_ghost_mausoleum,
          grunt_ministairs_14, uniq_natasha
D:4:      layout_layer_cave, lemuel_doored_altar, minmay_temple_entry_fiery,
          serial_shops, kennysheep_mini, uniq_pikel
D:5:      layout_basic, nicolae_hepliaklqana_monster_ancestors,
          due_unseen_surprise
D:6:      layout_basic, grunt_gozag_breadcrumbs, serial_shops, shop
Temple:   cyrus_circular_temple

Skill      XL: |  1  2  3  4  5  6  7  8 |
---------------+-------------------------+-----
Hexes          | 4 5 |  5.9
Spellcasting   | 3 4 5 |  5.7
Stealth        | 5 6 8 9 |  9.7
Short Blades   | 2 3 4 |  4.6
Dodging        | 3 4 |  4.7
Fighting       | 1 |  1.7
Ice Magic      | 1 2 |  2.5

Action                   |  1- 3 |  4- 6 |  7- 9 || total
-------------------------+-------+-------+-------++-------
Melee: Dagger            |    62 |   155 |    63 ||   280
       Punch             |       |     4 |       ||     4
 Cast: Ensorcelled Hiber |     2 |    23 |    12 ||    37
       Confusing Touch   |     2 |     4 |     4 ||    10
       Tukima's Dance    |       |     2 |       ||     2
 Stab: Sleeping          |    11 |    26 |    11 ||    48
       Confused          |       |     3 |     3 ||     6
Armor: Robe              |    10 |     6 |     5 ||    21
Dodge: Dodged            |    51 |   106 |    38 ||   195

Table legend: (Time is in decaauts)
 A = Elapsed time spent in this place.
 B = Non-inter-level travel time spent in this place.
 C = Inter-level travel time spent in this place.
 D = Time resting spent in this place.
 E = Time spent auto-exploring this place.
 F = Levels seen in this place.
 G = Mean time per level.
                   A        B        C        D        E       F      G
               +--------+--------+--------+--------+--------+-----+--------+
         Total |   8630 |   8470 |    160 |   5351 |   2170 |   7 | 1232.9 |
       Dungeon |   8303 |   8143 |    160 |   5051 |   2170 |   6 | 1383.8 |
        Temple |    327 |    327 |      0 |    300 |      0 |   1 |  327.0 |
               +--------+--------+--------+--------+--------+-----+--------+

Top non-repeatable levels by time:
     D:2: 2404 daAuts
     D:4: 1832 daAuts
     D:3: 1628 daAuts
     D:5: 1242 daAuts
     D:1: 1071 daAuts
  Temple: 327 daAuts
     D:6: 124 daAuts
